 Dungeon Crawl Stone Soup version 0.26.1-11-gd32895ea62 (webtiles) character file.

Game seed: 5694360787988596026

344 vvl the Ruffian (level 6, -5/42 HPs)
             Began as an Octopode Fighter on July 12, 2021.
             Was an Initiate of Okawaru.
             Slain by a gnoll
             ... wielding a +0 club
              (8 damage)
             ... on level 5 of the Dungeon.
             The game lasted 00:08:41 (4201 turns).

vvl the Ruffian (Octopode Fighter)                  Turns: 4201, Time: 00:08:41

Health: -5/42      AC:  1    Str: 17    XL:     6   Next: 58%
Magic:  7/7        EV: 14    Int: 11    God:    Okawaru [......]
Gold:   217        SH:  4    Dex: 11    Spells: 5/5 levels left

rFire    . . .     SeeInvis .   k - +1 short sword (venom)
rCold    . . .     Faith    .   r - +0 buckler
rNeg     . . .     Spirit   .   (helmet restricted)
rPois    .         Reflect  .   d - amulet of regeneration
rElec    .         Harm     .   p - ring of stealth
rCorr    .         Rampage  .   e - -4 ring of evasion (curse)
Will     .....                  j - +4 ring of evasion
Stlth    +++.......             (no ring)
HPRegen  0.54/turn              (no ring)
MPRegen  0.10/turn              (no ring)
                                (no ring)
                                (no ring)

@: no status effects
A: almost no armour, stealthy swim, amphibious, 8 rings, constrict 8, camouflage
1, gelatinous body 1
a: Renounce Religion


You were on level 5 of the Dungeon.
You worshipped Okawaru.
Okawaru was noncommittal.
You visited 2 branches of the dungeon, and saw 6 of its levels.

You collected 217 gold pieces.

Inventory:

Hand Weapons
 k - a +1 short sword of venom (weapon)
Armour
 r - a +0 buckler (worn)
Jewellery
 d - an amulet of regeneration (around mantle)
 e - a cursed -4 ring of evasion (right tentacle)
 j - a +4 ring of evasion (on tentacle)
 p - a ring of stealth (left tentacle)
Scrolls
 a - a scroll of enchant armour {unknown}
 c - a scroll of enchant weapon {unknown}
 g - 3 scrolls of fog {unknown}
 i - a scroll of remove curse {unknown}
 l - 2 scrolls of fear {unknown}
 n - a scroll of magic mapping {unknown}
 q - 2 scrolls of identify {unknown}
Potions
 b - a potion of might
 h - a potion of heal wounds {unknown}
 m - a potion of ambrosia {unknown}
 o - a potion of haste {unknown}


   Skills:
 + Level 3.5 Fighting
 + Level 3.5 Dodging
 + Level 3.6 Shields
 * Level 3.7 Unarmed Combat
 * Level 2.8 Transmutations
 + Level 2.1 Poison Magic
 + Level 1.6 Invocations
 + Level 1.3 Evocations


You had 5 spell levels left.
You didn't know any spells.
Your spell library was empty.

Dungeon Overview and Level Annotations

Branches:
Dungeon (5/15)             Temple (1/1) D:4

Altars:
Cheibriados
Elyvilon
Hepliaklqana
Okawaru
Qazlal
Sif Muna
Trog
Uskayaw
Vehumet
Xom
Zin


Innate Abilities, Weirdness & Mutations

You cannot wear most types of armour.
You are very stealthy in the water. (Stealth+)
You are amphibious.
You can wear up to eight rings at the same time.
You can use your tentacles to constrict eight enemies at once.
Your skin changes colour to match your surroundings (Stealth+).
Your rubbery body absorbs attacks. (AC +1, EV +1)


Message History

The gnoll hits you with a +0 club!
* * * LOW HITPOINT WARNING * * *
The hound closely misses you.
You barely miss the gnoll. You grab the gnoll. You tentacle-slap the gnoll.
The gnoll is lightly wounded.
You constrict the gnoll. You constrict the hound.
The gnoll hits you with a +0 club.
* * * LOW HITPOINT WARNING * * *
The hound barely misses you.
You hit the hound.
The hound is poisoned.
The hound is severely wounded.
You constrict the gnoll. You constrict the hound.
You kill the hound!
Okawaru accepts your kill. The gnoll hits you with a +0 club!
* * * LOW HITPOINT WARNING * * *
You hit the gnoll.
The gnoll is poisoned.
The gnoll is heavily wounded.
You constrict the gnoll. The gnoll hits you with a +0 club!
You die...

## #....≈≈.. #..
#....≈≈## .# ....
##....≈≈#....
....#######.....≈≈#8.# #
.......#........≈≈#.. 8#
.......#........≈≈####..
#.....g........≈≈≈≈≈≈≈≈
#...)†@.......≈≈≈≈≈≈≈≈
#..##.....##...........
.........##...<....##
#.##.....###......## #
#..............##
...............##
..........##...##
#.#....####..... ......#


You could see a gnoll (very poisoned).

Vanquished Creatures
  2 hounds
  A centaur skeleton (D:4)
  A worker ant (D:4)
  A hound skeleton (D:4)
  2 gnolls (D:5)
  7 adders
  A white imp (D:5)
  5 worms
  5 dart slugs
  5 leopard geckos
  7 orcs
  10 bats
  7 giant cockroaches
  8 goblins
  8 hobgoblins
  8 jackals
  10 kobolds
  A quokka (D:4)
  2 ball pythons (D:1)
  9 frilled lizards
  8 rats
108 creatures vanquished.

Notes
Turn   | Place    | Note
-------+----------+-------------------------------------------
     0 | D:1      | vvl the Octopode Fighter began the quest for the Orb.
     0 | D:1      | Reached XP level 1. HP: 16/16 MP: 1/1
    72 | D:1      | Reached XP level 2. HP: 21/21 MP: 2/2
   352 | D:1      | Reached skill level 1 in Transmutations
   352 | D:1      | Reached XP level 3. HP: 24/26 MP: 3/3
  1016 | D:2      | Reached skill level 1 in Poison Magic
  1099 | D:2      | Reached XP level 4. HP: 28/31 MP: 4/4
  1196 | D:2      | Found a radiant altar of Vehumet.
  1785 | D:3      | Reached skill level 1 in Invocations
  1838 | D:3      | Reached XP level 5. HP: 25/36 MP: 5/5
  3013 | D:4      | Reached skill level 1 in Evocations
  3128 | D:4      | Reached XP level 6. HP: 42/42 MP: 7/7
  3173 | D:4      | Found a staircase to the Ecumenical Temple.
  3193 | Temple   | Entered the Ecumenical Temple
  3503 | Temple   | Became a worshipper of Warmaster Okawaru
  4179 | D:5      | Entered Level 5 of the Dungeon
  4179 | D:5      | Found a hide-covered altar of Uskayaw.
  4201 | D:5      | Slain by a gnoll

Illustrated notes

Levels and vault maps discovered:
D:1:      lightli_arrival_boilingwater, layout_loops_ring
D:2:      layout_basic, vehumet_crystals
D:3:      layout_basic, serial_co_window_serial, co_window_paths_a,
          co_window_corner_a, co_window_corner_a, co_window_of_opportunity_a,
          co_window_corner_a, co_window_of_opportunity_a, co_window_2corner,
          co_window_broadway_a, co_window_of_opportunity_b, co_window_2corner,
          co_window_cross_2, co_window_corner_b, co_window_paths_e,
          kennysheep_nub, minmay_circle_x
D:4:      minmay_inner_zag, layout_loops_ring, minmay_temple_entry_junction
D:5:      layout_cave_pools, yredelemnul_forgotten_temple_becter, serial_park,
          serial_park_tiny_pond, basic_altar, gammafunk_ghost_gnarly_gnolls,
          uniq_edmund
Temple:   dpeg_chambers_temple

Skill      XL: |  1  2  3  4  5  6 |
---------------+-------------------+-----
Transmutations | 1 2 |  2.8
Poison Magic   | 1 2 |  2.1
Invocations    | 1 |  1.6
Unarmed Combat | 3 |  3.7
Evocations     | 1 |  1.3
Fighting       | |  3.5
Dodging        | |  3.5
Shields        | |  3.6

Action                   |  1- 3 |  4- 6 || total
-------------------------+-------+-------++-------
Melee: Unarmed           |    72 |    17 ||    89
       Constrict         |    23 |    46 ||    69
       Tentacles         |    21 |    21 ||    42
       Punch             |     1 |     5 ||     6
       Short sword       |       |   131 ||   131
  Use: Scroll            |       |     1 ||     1
 Stab: Sleeping          |     7 |    14 ||    21
Armor: Skin              |     4 |     8 ||    12
Dodge: Dodged            |    26 |    66 ||    92
Block: Kite shield       |    26 |    27 ||    53
       Buckler           |       |    11 ||    11
